 Dungeon Crawl Stone Soup version 0.27.1-34-g3ba077fa99 (webtiles) character file.

Game seed: 665758712102504870

67 ticklebelly the Skirmisher (level 4, -10/41 HPs)
             Began as a Minotaur Berserker on Jan 3, 2022.
             Was a Follower of Trog.
             Killed by divine providence
             ... invoked by an orc priest
              (14 damage)
             ... on level 3 of the Dungeon.
             The game lasted 00:02:28 (1717 turns).

ticklebelly the Skirmisher (Minotaur Berserker)     Turns: 1717, Time: 00:02:29

Health: -10/41     AC:  9    Str: 22    XL:     4   Next: 0%
Magic:  3/3        EV:  8    Int:  4    God:    Trog [*.....]
Gold:   46         SH:  0    Dex: 10    Spells: 3/3 levels left

rFire    . . .     SeeInvis .   a - +0 hand axe
rCold    . . .     Faith    .   (no shield)
rNeg     . . .     Spirit   .   i - +0 chain mail
rPois    .         Reflect  .   (helmet restricted)
rElec    .         Harm     .   (no cloak)
rCorr    .         Rampage  .   (no gloves)
Will     .....                  (no boots)
Stlth    ..........             (no amulet)
HPRegen  0.13/turn              (no ring)
MPRegen  0.08/turn              (no ring)

@: no status effects
A: horns 2, retaliatory headbutt
a: Renounce Religion, Berserk


You were on level 3 of the Dungeon.
You worshipped Trog.
Trog was aware of your devotion.
You visited 1 branch of the dungeon, and saw 3 of its levels.

You collected 46 gold pieces.

Inventory:

Hand Weapons
 a - a +0 hand axe (weapon)
Missiles
 e - 4 boomerangs (quivered)
Armour
 i - a +0 chain mail (worn)
Scrolls
 b - a scroll of brand weapon {unknown}
 c - 2 scrolls of enchant armour {unknown}
 f - a scroll of teleportation {unknown}
 g - a scroll of blinking {unknown}
 j - a scroll of identify {unknown}
 k - a scroll of summoning {unknown}
Potions
 d - a potion of lignification {unknown}
 h - a potion of flight {unknown}
 l - a potion of haste {unknown}
 m - a potion of attraction {unknown}
 n - a potion of mutation {unknown}


   Skills:
 + Level 4.3 Fighting
 + Level 4.3 Axes
 + Level 3.3 Armour
 + Level 3.0 Dodging


You had 3 spell levels left.
You didn't know any spells.
Your spell library was empty.

Dungeon Overview and Level Annotations

Branches:
Dungeon (3/15)

Altars:
Fedhas


Innate Abilities, Weirdness & Mutations

You have a pair of horns on your head.
You reflexively headbutt those who attack you in melee.


Message History

You hit the orc priest.
The orc priest is lightly wounded.
You hit the rat.
You kill the rat!
Trog accepts your kill.
You hit the orc but do no damage.
The orc priest hits you with a +0 short sword.
The orc hits you with a +0 dagger.
You have reached level 4!
You feel agile.
You hit the orc priest but do no damage.
You headbutt the orc priest.
The orc priest is moderately wounded.
You hit the orc but do no damage. The orc priest barely misses you.
The orc hits you but does no damage.
You barely miss the orc priest.
The orc priest is moderately wounded.
You hit the orc but do no damage. The orc priest barely misses you.
The orc hits you but does no damage.
You closely miss the orc priest.
The orc priest is moderately wounded.
You hit the orc but do no damage.
The orc priest mumbles some strange prayers to Beogh against you.
Beogh smites you!
* * * LOW HITPOINT WARNING * * *
The orc hits you but does no damage.
The orc priest casts a cantrip, but nothing happens.
You closely miss the orc priest.
The orc priest is lightly wounded.
You hit the orc but do no damage. The orc hits you with a +0 dagger.
* * * LOW HITPOINT WARNING * * *
The orc priest hits you with a +0 short sword.
* * * LOW HITPOINT WARNING * * *
The orc hits you but does no damage.
You hit the orc priest.
The orc priest is moderately wounded.
You completely miss the orc.
The orc priest invokes the aid of Beogh against you.
Beogh smites you!
You die...

.....>....
(........#
.........#
.........##
#..>.....#
##........###
......)o....#
#.)..o@....# ..
##.#.###...####...
# +..........
#...[......
###.#####.. #.#
#.# #.# #.#


You could see an orc priest and an orc.

Vanquished Creatures
  An orc wizard (D:3)
  An adder (D:2)
  A dart slug (D:1)
  5 bats
  4 endoplasms (D:1)
  2 giant cockroaches
  4 goblins
  A hobgoblin (D:1)
  A quokka (D:1)
  2 frilled lizards (D:1)
  4 kobolds
  4 rats
30 creatures vanquished.

Notes
Turn   | Place    | Note
-------+----------+-------------------------------------------
     0 | D:1      | ticklebelly the Minotaur Berserker began the quest for the
                  | Orb.
     0 | D:1      | Reached XP level 1. HP: 19/19 MP: 0/0
   204 | D:1      | Reached XP level 2. HP: 26/27 MP: 1/1
  1327 | D:2      | Reached XP level 3. HP: 28/33 MP: 2/2
  1380 | D:2      | Found a blossoming altar of Fedhas.
  1713 | D:3      | Reached XP level 4. HP: 20/41 MP: 3/3
  1717 | D:3      | Killed from afar by an orc priest

Illustrated notes

Levels and vault maps discovered:
D:1:      heliophobic_arrival_henge, layout_basic
D:2:      layout_basic, basic_altar
D:3:      layout_basic, serial_shops, nicolae_shop_trees

Skill      XL: |  1  2  3 |
---------------+----------+-----
Fighting       | 4 |  4.3
Axes           | 4 |  4.3
Armour         | 3 |  3.3
Dodging        | 3 |  3.0

Action                   |  1- 3 |  4- 6 || total
-------------------------+-------+-------++-------
Melee: Hand axe          |    59 |     5 ||    64
       Headbutt          |     7 |     1 ||     8
 Stab: Sleeping          |     1 |       ||     1
Armor: Animal skin       |     2 |       ||     2
       Chain mail        |    27 |     4 ||    31
       Leather armour    |     1 |       ||     1
Dodge: Dodged            |    44 |     2 ||    46
